 Dungeon Crawl Stone Soup version 0.31-a0-620-gd1cbd99268 (webtiles) character file.

Game seed: 439052718353306349

60 DavidChitty2 the Covered (level 3, 33/33 HPs)
             Began as a Minotaur Fighter on Aug 23, 2023.
             Quit the game on level 3 of the Dungeon.
             The game lasted 00:03:02 (1373 turns).

DavidChitty2 the Covered (Minotaur Fighter)         Turns: 1373, Time: 00:03:02

Health: 33/33      AC:  9    Str: 22    XL:     3   Next: 80%
Magic:  2/2        EV:  8    Int:  5    God:
Gold:   156        SH:  4    Dex:  9    Spells: 2/2 levels left

rFire   . . .        a - +0 war axe
rCold   . . .        c - +0 buckler
rNeg    . . .        g - +0 chain mail
rPois   .            (helmet restricted)
rElec   .            (no cloak)
rCorr   .            (no gloves)
SInv    .            (no boots)
Will    .....        (no amulet) Stlth
                     (no ring)
HPRegen 0.25/turn    (no ring)
MPRegen 0.08/turn

%: no passive effects
@: no status effects
A: horns 2, retaliatory headbutt
a: no special abilities


You were on level 3 of the Dungeon.
You visited 1 branch of the dungeon, and saw 3 of its levels.

You collected 156 gold pieces.

Inventory:

Hand Weapons
 a - a +0 war axe (weapon)
Armour
 c - a +0 buckler (worn)
 g - a +0 chain mail (worn)
   (You found it on level 1 of the Dungeon)
Jewellery
 j - a +6 ring of intelligence
   (You found it on level 3 of the Dungeon)
Scrolls
 b - a scroll of enchant armour {unknown}
 f - 2 scrolls of amnesia {unknown}
 h - 3 scrolls of identify {unknown}
 k - a scroll of noise {unknown}
Potions
 d - 2 potions of might
 e - a potion of heal wounds {unknown}
 i - a potion of mutation {unknown}


   Skills:
 + Level 4.1 Fighting
 * Level 3.7 Axes
 + Level 4.1 Armour
 + Level 4.1 Shields


You had 2 spell levels left.
You didn't know any spells.
Your spell library contained the following spells:

 Spells                   Type           Power      Damage    Failure   Level
 Hailstorm                Conj/Ice       0%         3d3       100%        3
 Ignite Poison            Fire/Tmut/Pois 0%         N/A       100%        3
 Sticky Flame             Conj/Fire      0%         2d3       100%        4
 Summon Ice Beast         Ice/Summ       0%         N/A       100%        4
 Simulacrum               Ice/Necr       0%         N/A       100%        6
 Ignition                 Fire           0%         3d3       100%        8


Dungeon Overview and Level Annotations

Branches:
Dungeon (3/15)

Altars:
Xom

Shops:
D:1 [=:   D:3 (


Innate Abilities, Weirdness & Mutations

You have a pair of horns on your head.
You reflexively headbutt those who attack you in melee.


Message History

The frilled lizard hisses angrily.
You miss the frilled lizard.
The frilled lizard bites you but does no damage.
You slash the frilled lizard!
You kill the frilled lizard!
No target in view!
No target in view!
No target in view!
No target in view!
No target in view!
No target in view!
No target in view!
No target in view!
j - a +6 ring of intelligence
k - a scroll labelled OWUDYWU NOICAA No target in view!
Found Cenut's Weapon Shoppe.
There is an entrance to Cenut's Weapon Shoppe here.
Saving game... please wait.
Options error: Bad pregen_dungeon value: true (should be classic, false or incremental) (~/.crawlrc:2) Options error: Bad allow_self_target value: never (should be false, prompt or true) (~/.crawlrc:193) Options error: Unknown explore stop condition 'gates' (~/.crawlrc:255) Options error: Unknown explore stop condition 'gates' (~/.crawlrc:256) Options error: Unknown explore stop condition 'greedy_sacrificeable' (~/.crawlrc:256) Bad channel name 'pray' for runrest: 'pray:' Options error: Missing colour in message_colour setting: 'Shift\-Dir \- straight line' Options error: Missing colour in message_colour setting: 'f \- you' Options error: Bad channel -- pray (~/.crawlrc:4484) Options error: Bad channel -- food (~/.crawlrc:4487) Options error: Bad channel -- rotten_meat (~/.crawlrc:4504) Options error: Missing colour in message_colour setting: 'that.*feels deathly cold' Options error: Missing colour in message_colour setting: 'and you must be Full or above to equip it' Options error: Missing colour in message_colour setting: 'but rights himself reflexively soon after' Options error: Missing colour in message_colour setting: 'before it is too late' Options error: Missing colour in message_colour setting: 'Shift\-Dir \- straight line' Options error: Missing colour in message_colour setting: 'f \- you' Options error: Bad colour 'boring' in message_colour setting: 'boring:disappears without a glow' Options error: Bad colour 'boring' in message_colour setting: 'boring:disappears without a sign' Options error: Bad colour 'boring' in message_colour setting: 'boring:disappears into the void' Options error: Bad colour 'boring' in message_colour setting: 'boring:glow with a rainbow of weird colours and disappear' Options error: Bad colour 'boring' in message_colour setting: 'boring:glows slightly and disappears' Options error: Bad colour 'boring' in message_colour setting: 'boring:is slowly consumed by flames' Options error: Bad colour 'boring' in message_colour setting: 'boring:slowly burns to ash' Options error: Bad colour 'boring' in message_colour setting: 'boring:slowly crumbles into the ground' Options error: Bad colour 'boring' in message_colour setting: 'boring:shimmers? and breaks? into pieces' Options error: Bad colour 'boring' in message_colour setting: 'boring:stares at you suspiciously for a moment' Options error: Bad colour 'boring' in message_colour setting: 'boring:trembles before you' Options error: Bad colour 'boring' in message_colour setting: 'boring:You feel mildly nauseous' Options error: Bad colour 'boring' in message_colour setting: 'boring:Multicoloured lights dance around' Welcome back, DavidChitty2 the Minotaur Fighter.

#.............#
######.##########.#
.............. #.# ######...####.
#.# #...# #. #.####### #...#
#.###........ ######...#
#...#........ .....#...#
#.......... .##.##...#
#.@.#...... .##......#
#..........
.######..#####..#########
.#>............. ..+
.##...#....##### ..#
.........#.################ ...#
...............<..........# ...#
..........................#....##
..........................#....##


There were no monsters in sight!

Vanquished Creatures
  2 worms (D:2)
  A dart slug (D:1)
  A ball python (D:2)
  8 endoplasms
  2 giant cockroaches (D:1)
  12 goblins
  3 hobgoblins
  2 jackals (D:2)
  5 bats
  4 frilled lizards
  5 kobolds
45 creatures vanquished.

Notes
Turn   | Place    | Note
-------+----------+-------------------------------------------
     0 | D:1      | DavidChitty2 the Minotaur Fighter began the quest for the
                  | Orb.
     0 | D:1      | Reached XP level 1. HP: 19/19 MP: 0/0
   143 | D:1      | Reached XP level 2. HP: 11/27 MP: 1/1
   340 | D:1      | Found Zeetior's Antique Armour Shop.
   365 | D:1      | Found Ozeubear's Book Shop.
   366 | D:1      | Found Ucykijot's Jewellery Shop.
   611 | D:1      | You fall into a shaft and drop 1 floor!
   646 | D:2      | Reached XP level 3. HP: 33/33 MP: 2/2
   703 | D:2      | Found a shimmering altar of Xom.
  1365 | D:3      | Found Cenut's Weapon Shoppe.
  1373 | D:3      | Quit the game

Illustrated notes

Levels and vault maps discovered:
D:1:      beargit_arrival_greenhouse, layout_basic, serial_corexii_hall,
          corexii_hall_statues_l, chequers_hall_statues_y, serial_shops,
          nicolae_diamond_shop, nicolae_shop_real_fake_doors, shop
D:2:      layout_rooms, basic_altar
D:3:      layout_basic, trog_book, nemelex_dance_club_becter, serial_shops,
          shop, nicolae_shop_stone, nicolae_shop_back_alley_shop

Skill      XL: |  1  2  3 |
---------------+----------+-----
Axes           | 3 |  3.7
Fighting       | 4 |  4.1
Armour         | 4 |  4.1
Shields        | 4 |  4.1

Action                     || total
---------------------------++-------
  Melee: War axe           ||    76
         Headbutt          ||    11
 Armour: Scale mail        ||    15
         Chain mail        ||    25
  Dodge: Dodged            ||    25
  Block: Buckler           ||    12

Table legend: (Time is in decaauts)
 A = Elapsed time spent in this place.
 B = Non-inter-level travel time spent in this place.
 C = Inter-level travel time spent in this place.
 D = Time resting spent in this place.
 E = Time spent auto-exploring this place.
 F = Levels seen in this place.
 G = Mean time per level.
                   A        B        C        D        E       F      G
               +--------+--------+--------+--------+--------+-----+--------+
         Total |   1400 |   1360 |     40 |      0 |   1052 |   3 |  466.7 |
       Dungeon |   1400 |   1360 |     40 |      0 |   1052 |   3 |  466.7 |
               +--------+--------+--------+--------+--------+-----+--------+

Top non-repeatable levels by time:
     D:1: 716 daAuts
     D:2: 425 daAuts
     D:3: 257 daAuts
